 Dungeon Crawl Stone Soup version 0.24-a0-408-gcc1054c7ca (webtiles) character file.

Game seed: 17306551817160007748

24628 zyhmos the Peltast (level 12, -1/106 HPs)
             Began as a Minotaur Berserker on June 5, 2019.
             Was the Champion of Trog.
             Slain by an orc warrior
             ... wielding a cursed +0 hand axe
              (3 damage)
             ... on level 1 of the Orcish Mines.
             The game lasted 00:44:22 (14949 turns).

zyhmos the Peltast (Minotaur Berserker)            Turns: 14949, Time: 00:44:22

Health: -1/106     AC: 28    Str: 29    XL:     12   Next: 82%
Magic:  3/3        EV:  5    Int:  4    God:    Trog [******]
Gold:   680        SH: 22    Dex: 13    Spells: 11/11 levels left

rFire    + + .     SeeInvis .   S - +3 eveningstar (antimagic)
rCold    . . .     Gourm    .   t - +1 large shield {rC+}
rNeg     . . .     Faith    .   C - +4 crystal plate armour
rPois    .         Spirit   .   (helmet restricted)
rElec    .         Reflect  .   w - +0 cloak
rCorr    .         Harm     .   R - +0 pair of gloves
MR       .....                  I - -1 pair of boots of the Trout {Str+3 Dex+2 Slay-4}
Stlth    ..........             (no amulet)
HPRegen  0.27/turn              p - ring of protection from fire
MPRegen  0.08/turn              r - ring of fire

@: lethally poisoned (-1 -> -38), berserk cooldown, slowed, studying Dodging,
very slow
A: retaliatory headbutt, horns 2
a: Berserk, Trog's Hand, Brothers in Arms, Renounce Religion


You were on level 1 of the Orcish Mines.
You worshipped Trog.
Trog was exalted by your worship.
You were not hungry.

You visited 3 branches of the dungeon, and saw 14 of its levels.
You also visited: Sewer.

You collected 682 gold pieces.
You spent 2 gold pieces at shops.

Inventory:

Hand Weapons
 P - a +5 antimagic flail
 S - a +3 antimagic eveningstar (weapon)
Armour
 t - a +1 large shield of cold resistance (worn)
 w - a +0 cloak (worn)
 C - a +4 crystal plate armour (worn)
 I - the -1 pair of boots of the Trout (worn) {Str+3 Dex+2 Slay-4}
   (You bought it in a shop on level 10 of the Dungeon)

   It affects your strength (+3).
   It affects your dexterity (+2).
   It affects your accuracy and damage with ranged weapons and melee attacks
   (-4).
 R - a +0 pair of gloves (worn)
Jewellery
 d - a cursed -3 ring of strength {unknown}
 m - a +5 ring of protection {unknown}
 p - a ring of protection from fire (left hand)
 r - a ring of fire (right hand)
 F - a +2 ring of dexterity {unknown}
 K - an uncursed ring of fire
Wands
 h - a wand of acid (8)
 o - a wand of paralysis (6)
 u - a wand of polymorph (4)
 v - a wand of enslavement (11)
 y - a wand of flame (40)
 J - a wand of digging (6)
 M - a wand of random effects (36)
 Q - a wand of disintegration (13)
Scrolls
 b - 8 scrolls of remove curse
 i - 2 scrolls of noise
 l - 8 scrolls of teleportation
 s - 8 scrolls of identify
 H - 2 scrolls of magic mapping
 N - a scroll of amnesia
 T - a scroll of vulnerability {unknown}
Potions
 a - a potion of magic {unknown}
 e - 4 potions of mutation {unknown}
 g - 5 potions of brilliance
 j - 2 potions of berserk rage {unknown}
 k - 2 potions of curing
 q - 2 potions of lignification {unknown}
 x - 3 potions of flight {unknown}
 z - a potion of ambrosia {unknown}
 A - 3 potions of might {unknown}
 B - 4 potions of haste
 E - a potion of resistance {unknown}
 G - a potion of cancellation {unknown}
 L - a potion of degeneration {unknown}
Books
 n - a manual of Dodging
Miscellaneous
 D - a box of beasts
Comestibles
 c - 16 rations


   Skills:
 + Level 9.8 Fighting
   Level 11.4(13.1) Axes
 + Level 9.2(11.5) Maces & Flails
   Level 6.1(9.6) Polearms
 + Level 10.4 Armour
 + Level 3.2 Dodging
 + Level 1.0 Stealth
 + Level 15.0 Shields


You had 11 spell levels left.
You didn't know any spells.
Your spell library contained the following spells:

 Spells                   Type           Power        Failure   Level  Hunger
 Confusing Touch          Hex            #.....       100%        1    ##.....
 Magic Dart               Conj           #...         100%        1    ##.....
 Sandblast                Erth           #.....       100%        1    ##.....
 Blink                    Tloc           N/A          100%        2    ###....
 Call Imp                 Summ           #.......     100%        2    ###....
 Passwall                 Tmut/Erth      #.......     100%        2    ###....
 Slow                     Hex            #.......     100%        2    ###....
 Confuse                  Hex            #.......     100%        3    ####...
 Conjure Flame            Conj/Fire      #.......     100%        3    ####...
 Gell's Gravitas          Tloc           #.........   100%        3    ####...
 Mephitic Cloud           Conj/Pois/Air  #.......     100%        3    ####...
 Stone Arrow              Conj/Erth      #.....       100%        3    ####...
 Leda's Liquefaction      Hex/Erth       #.........   100%        4    #####..
 Petrify                  Tmut/Erth      #.......     100%        4    #####..
 Bolt of Magma            Conj/Fire/Erth #.........   100%        5    ######.
 Lee's Rapid Deconstruct  Erth           #.........   100%        5    ######.
 Metabolic Englaciation   Hex/Ice        #.........   100%        5    ######.
 Yara's Violent Unravell  Hex/Tmut       #.........   100%        5    ######.
 Iron Shot                Conj/Erth      #.........   100%        6    #######
 Statue Form              Tmut/Erth      #........    100%        6    #######
 Shatter                  Erth           #.........   100%        9    #######


Dungeon Overview and Level Annotations

Branches:
Dungeon (11/15)            Temple (0/1) D:7            Lair (2/6) D:11
    Orc (1/2) D:11
  Swamp: Lair:2-4    Shoals: Lair:2-4     Snake: Lair:2-4    Spider: Lair:2-4

Altars:
Dithmenos
Makhleb
Okawaru
Ru
Sif Muna
Uskayaw
Vehumet
Wu Jian

Shops:
D:10 [

Annotations:
D:6 3 runed translucent doors


Innate Abilities, Weirdness & Mutations

You reflexively headbutt those who attack you in melee.
You have a pair of horns on your head.


Message History

The orange demon poisons you!
The soul eater draws from the surrounding life force!
* * * LOW HITPOINT WARNING * * *
The hellwing hits you but does no damage.
The hellwing hits you.
* * * LOW HITPOINT WARNING * * *
As you read the scroll labeled WENNUWK CUSK, it crumbles to dust.
Your ears itch!
It was a scroll of random uselessness.
* * * LOW HITPOINT WARNING * * *
You feel very sick. You block the troll's attack.
The troll claws you but does no damage. You block the troll's attack.
You block the orc warrior's attack. The orange demon barely misses you.
The soul eater draws from the surrounding life force!
* * * LOW HITPOINT WARNING * * *
You block the orc high priest's attack. The hellwing barely misses you.
The hellwing hits you but does no damage.
The troll bites you but does no damage.
The troll claws you but does no damage. x2
The orc warrior hits you with a cursed +0 hand axe.
You die...

...........
...........
$.#........
..........
..........
......ยง..##
....#o#.).##
.....oT#3#.##
....o{o@....#
....o4o4...##
...#o#....##
. # #.....#
#..#.##
...### .....
.#... ...#..


You could see a soul eater, an orc high priest, an orange demon, a hellwing, a
troll, an orc warrior, an orc wizard and 4 orcs.

Vanquished Creatures
  A death knight (D:11)
  2 unseen horrors (D:10)
  An orc sorcerer (Orc:1)
  3 ugly things (D:11)
  A centaur zombie (D:10)
  An elephant (Lair:2)
  Joseph (D:7)
  Psyche (D:8)
  A black mamba (Lair:1)
  4 komodo dragons
  A spiny frog (Lair:2)
  A rime drake (Lair:2)
  A kobold demonologist (D:11)
  The ghost of Mushiatsui the Changer, an amateur DrTm (D:4)
  A troll (D:11)
  8 blink frogs (Lair:2)
  6 hippogriffs
  A spriggan (D:8)
  A wyvern (D:9)
  A hungry ghost (D:9)
  46 yaks
  3 basilisks
  A steam dragon (D:7)
  2 wargs (D:11)
  A soldier ant (D:11)
  Menkaure (D:7)
  5 water moccasins
  Duvessa (D:6)
  3 porcupines
  4 orc warriors
  A sky beast (D:11)
  A black bear (Lair:2)
  An ice beast (D:9)
  2 eyes of draining
  6 wolves (Lair:2)
  3 phantoms
  2 necrophages
  6 ogres
  4 centaurs
  A big kobold (D:11)
  10 bullfrogs
  2 gnoll sergeants (D:9)
  5 scorpions
  Dowan (D:6)
  8 wights
  A jelly (D:8)
  An electric eel (Lair:1)
  6 howler monkeys
  5 crimson imps
  2 bullfrog zombies
  3 hounds
  5 orc priests
  3 centaur skeletons
  4 iguanas
  7 worker ants
  8 orc wizards
  A hound skeleton (D:4)
  2 worker ant zombies
  16 gnolls
  15 adders
  A river rat (D:5)
  A shadow imp (D:11)
  2 oozes (D:2)
  An adder skeleton (D:4)
  2 adder zombies
  6 worms
  2 dart slugs
  9 leopard geckos
  32 orcs
  A ball python (D:1)
  14 giant cockroaches
  10 goblins
  8 hobgoblins
  13 jackals
  2 quokkas
  9 bats
  11 frilled lizards
  7 kobolds
  A leopard gecko skeleton (D:6)
  A quokka zombie (D:4)
  7 rats
377 creatures vanquished.

Vanquished Creatures (collateral kills)
  A warg (D:11)
  A centaur (D:11)
  An orc priest (D:11)
  2 orc wizards (D:11)
  A worker ant (D:11)
  An orc (D:11)
7 creatures vanquished.

Vanquished Creatures (others)
  2 fungi (Lair:2)
  2 plants (Lair:2)
4 creatures vanquished.

Grand Total: 388 creatures vanquished

Notes
Turn   | Place    | Note
-------+----------+-------------------------------------------
     0 | D:1      | zyhmos the Minotaur Berserker began the quest for the Orb.
     0 | D:1      | Reached XP level 1. HP: 19/19 MP: 0/0
   182 | D:1      | Reached XP level 2. HP: 27/27 MP: 1/1
   569 | D:1      | Reached XP level 3. HP: 30/33 MP: 2/2
   609 | D:1      | Reached ** piety under Trog
   708 | D:2      | Found a sacrificial altar of Ru.
  1279 | D:2      | Reached XP level 4. HP: 38/41 MP: 3/3
  2085 | D:3      | Found a shadowy altar of Dithmenos.
  2103 | D:3      | Reached XP level 5. HP: 46/47 MP: 4/4
  2106 | D:3      | Reached skill level 5 in Axes
  2233 | D:3      | Found an iron altar of Okawaru.
  2468 | D:3      | Reached *** piety under Trog
  2468 | D:3      | Reached skill level 1 in Shields
  2877 | D:4      | Reached skill level 5 in Fighting
  3038 | D:4      | Found a runed translucent door.
  3039 | D:4      | Noticed Mushiatsui's ghost (amateur DrTm)
  3049 | D:4      | Reached XP level 6. HP: 55/56 MP: 5/5
  3093 | D:4      | Killed Mushiatsui's ghost
  3093 | D:4      | Reached skill level 3 in Shields
  3093 | D:4      | Reached XP level 7. HP: 33/61 MP: 6/6
  3105 | D:4      | Found a runed translucent door.
  3272 | D:4      | Found a hide-covered altar of Uskayaw.
  3352 | D:4      | Found a burning altar of Makhleb.
  3352 | D:4      | Found a deep blue altar of Sif Muna.
  3352 | D:4      | Found an ornate altar of the Wu Jian Council.
  3358 | D:4      | Reached skill level 1 in Stealth
  3708 | D:4      | Reached skill level 4 in Shields
  4179 | D:5      | Entered Level 5 of the Dungeon
  4286 | D:5      | Reached skill level 5 in Armour
  4687 | D:5      | Found a glowing drain.
  4707 | Sewer    | Entered a sewer
  4777 | Sewer    | Reached **** piety under Trog
  4896 | Sewer    | Reached skill level 5 in Shields
  5168 | D:6      | Noticed Dowan
  5169 | D:6      | Found a runed translucent gate.
  5169 | D:6      | Found a runed translucent gate.
  5169 | D:6      | Noticed Duvessa
  5170 | D:6      | Found a runed translucent gate.
  5177 | D:6      | Killed Dowan
  5177 | D:6      | Reached XP level 8. HP: 65/70 MP: 7/7
  5183 | D:6      | Killed Duvessa
  5570 | D:6      | You fall into a shaft and drop 1 floor!
  5583 | D:7      | Reached skill level 6 in Shields
  5625 | D:7      | Noticed Joseph
  5646 | D:7      | Killed Joseph
  5646 | D:7      | Reached skill level 7 in Shields
  5646 | D:7      | Reached XP level 9. HP: 51/78 MP: 8/8
  5903 | D:7      | Found a staircase to the Ecumenical Temple.
  6347 | D:7      | Noticed Menkaure
  6355 | D:7      | Killed Menkaure
  6874 | D:8      | Reached skill level 8 in Shields
  6965 | D:8      | Noticed Psyche
  6978 | D:8      | Killed Psyche
  6978 | D:8      | Reached skill level 10 in Axes
  7055 | D:8      | Reached ***** piety under Trog
  7055 | D:8      | Reached skill level 9 in Shields
  8007 | D:9      | Reached XP level 10. HP: 86/86 MP: 9/9
  8058 | D:9      | Reached skill level 10 in Shields
  8546 | D:9      | Found a radiant altar of Vehumet.
  8847 | D:9      | Reached skill level 1 in Polearms
  9007 | D:10     | Entered Level 10 of the Dungeon
  9157 | D:10     | Reached skill level 11 in Shields
  9321 | D:10     | Killed an unseen horror
  9580 | D:10     | Reached XP level 11. HP: 94/94 MP: 1/10
  9721 | D:10     | Received a gift from Trog
  9749 | D:10     | Found Xemmist's Armour Shop.
  9757 | D:10     | Bought the -1 pair of boots of the Trout {Str+3 Dex+2
                  | Slay-4} for 2 gold pieces
  9807 | D:10     | Killed an unseen horror
 10551 | D:11     | Reached skill level 5 in Polearms
 10740 | D:11     | Noticed a purple ugly thing
 10760 | D:11     | Killed a purple ugly thing
 10764 | D:11     | Reached skill level 12 in Shields
 11201 | D:11     | Reached ****** piety under Trog
 11201 | D:11     | Received a gift from Trog
 11216 | D:11     | Noticed a white ugly thing
 11241 | D:11     | Killed a white ugly thing
 11546 | D:11     | Reached skill level 1 in Maces & Flails
 11743 | D:11     | Reached skill level 13 in Shields
 11886 | D:11     | Found a staircase to the Lair.
 11900 | D:11     | Noticed a death knight
 11932 | D:11     | Killed a death knight
 11933 | D:11     | Noticed a white ugly thing
 11944 | D:11     | Killed a white ugly thing
 12247 | D:11     | Found a staircase to the Orcish Mines.
 12478 | Lair:1   | Entered Level 1 of the Lair of Beasts
 12540 | Lair:1   | Reached skill level 5 in Maces & Flails
 12711 | Lair:1   | Reached XP level 12. HP: 87/104 MP: 3/11
 13386 | Lair:1   | Reached skill level 10 in Armour
 13785 | Lair:2   | Received a gift from Trog
 13935 | Lair:2   | Found an ornate altar of the Wu Jian Council.
 13998 | Lair:2   | Reached skill level 14 in Shields
 14924 | Orc:1    | Entered Level 1 of the Orcish Mines
 14925 | Orc:1    | Noticed an orc high priest
 14930 | Orc:1    | Reached skill level 15 in Shields
 14949 | Orc:1    | HP: 2/106 [soul eater/drain life[an orc high priest] (21)]
 14949 | Orc:1    | Slain by an orc warrior

Levels and vault maps discovered:
D:1:      scummos_arrival_star, layout_loops_cross, moated_statue
D:2:      layout_loops_ring, hangedman_decor_points, hangedman_ru_absence
D:3:      layout_basic, overflow_temple_1_default, first_ration, serial_rivers,
          chequers_serial_rivers_micro_a, chequers_serial_rivers_room_a,
          chequers_serial_rivers_small_a, chequers_serial_rivers_small_b,
          chequers_serial_rivers_micro_c, nrook_campfire, okawaru_gym_becter
D:4:      layout_layer_cave, grunt_temple_overflow_open, ebering_ghost_sewer_f
D:5:      layout_basic, gup_sewer_entry_bubbles
D:6:      layout_rooms, gammafunk_ghost_icy, dk_vineyard_3, uniq_edmund,
          uniq_duvessa
D:7:      layout_layer_cave, minmay_temple_entry_slanted, uniq_menkaure,
          uniq_joseph
D:8:      layout_basic, the_bakery, uniq_psyche
D:9:      layout_basic, kennysheep_little_box
D:10:     layout_grid_maze, serial_shops,
          nicolae_shop_temple_entry_statues_fountains
D:11:     layout_long_grid, erik_lair_orcish_takeover, orc_0_dummy,
          grunt_ministairs_4
Lair:1:   layout_regular_city, serial_bayou_shore_a, grunt_megastairs_1
Lair:2:   wad_woods_stonehenge, layout_gridlike
Orc:1:    layout_caves, minmay_orc_temple_c

Skill      XL: |  1  2  3  4  5  6  7  8  9 10 11 12 |
---------------+-------------------------------------+-----
Fighting       | 4 5 6 7 8 9 |  9.8
Axes           | 4 5 6 7 9 10 11 | 11.4
Armour         | 3 4 5 6 7 8 9 10 | 10.4
Shields        | 1 3 5 7 9 11 13 15 | 15.0
Dodging        | 3 |  3.2
Stealth        | 1 |  1.0
Polearms       | 4 6 |  6.1
Maces & Flails | 5 9 |  9.2

Action                   |  1- 3 |  4- 6 |  7- 9 | 10-12 || total
-------------------------+-------+-------+-------+-------++-------
Melee: Hand axe          |    87 |   141 |   388 |    81 ||   697
       Headbutt          |    12 |    28 |    68 |   249 ||   357
       Spear             |       |       |       |   347 ||   347
       Flail             |       |       |       |   376 ||   376
       Eveningstar       |       |       |       |   175 ||   175
Invok: Berserk           |       |       |       |     6 ||     6
  Use: Scroll            |     5 |       |     8 |     7 ||    20
       Potion            |       |       |       |     2 ||     2
  Eat: Ration            |     1 |       |     1 |     5 ||     7
       Chunk             |       |     3 |    13 |    16 ||    32
Armor: Animal skin       |     9 |       |       |       ||     9
       Ring mail         |    16 |    21 |       |       ||    37
       Chain mail        |       |    49 |    27 |       ||    76
       Crystal plate arm |       |       |    92 |   540 ||   632
Dodge: Dodged            |    48 |    29 |    24 |   136 ||   237
Block: Shield            |    15 |    31 |       |       ||    46
       Buckler           |     1 |       |       |       ||     1
       Large shield      |       |    46 |   326 |  1138 ||  1510

Table legend:
 A = Non-vault XP
 B = Vault XP
 C = Vault XP percentage of total XP
 D = Non-vault monster count
 E = Vault monster count
 F = Vault count percentage of total count
                 A         B        C        D         E       F
            +---------+---------+-------+---------+---------+-------
      Total |   30382 |    4802 |  13.6 |     331 |      53 |  13.8
            +---------+---------+-------+---------+---------+-------
        D:1 |      46 |       0 |   0.0 |      27 |       0 |   0.0
        D:2 |      95 |       0 |   0.0 |      19 |       0 |   0.0
        D:3 |     106 |       0 |   0.0 |      24 |       0 |   0.0
        D:4 |     406 |     399 |  49.6 |      20 |       5 |  20.0
        D:5 |     171 |      34 |  16.6 |       8 |       7 |  46.7
        D:6 |     317 |     214 |  40.3 |      10 |       2 |  16.7
        D:7 |     930 |     623 |  40.1 |      16 |       2 |  11.1
        D:8 |    1063 |     674 |  38.8 |      27 |       2 |   6.9
        D:9 |    3093 |       0 |   0.0 |      44 |       0 |   0.0
       D:10 |    4173 |       0 |   0.0 |      27 |       0 |   0.0
       D:11 |    7059 |     727 |   9.3 |      47 |      12 |  20.3
     Lair:1 |    4360 |     290 |   6.2 |      22 |       2 |   8.3
     Lair:2 |    7954 |    1704 |  17.6 |      37 |       6 |  14.0
      Orc:1 |     609 |       0 |   0.0 |       3 |       0 |   0.0
      Sewer |       0 |     137 | 100.0 |       0 |      15 | 100.0
            +---------+---------+-------+---------+---------+-------
